 Dungeon Crawl Stone Soup version 0.27-a0-1140-g099f9bb0e8 (webtiles) character file.

Game seed: 17255842305176837465

14 DasRunzen the Ducker (level 2, 0/22 HPs)
             Began as a Demonspawn Gladiator on May 10, 2021.
             Slain by Terence
             ... wielding a +0 flail
              (6 damage)
             ... on level 2 of the Dungeon.
             The game lasted 00:01:17 (807 turns).

DasRunzen the Ducker (Demonspawn Gladiator)          Turns: 807, Time: 00:01:17

Health: 0/22       AC:  5    Str: 14    XL:     2   Next: 27%
Magic:  2/2        EV: 12    Int:  9    God:
Gold:   22         SH:  0    Dex: 14    Spells: 1/1 levels left

rFire    . . .     SeeInvis .   a - +0 long sword
rCold    . . .     Faith    .   (no shield)
rNeg     . . .     Spirit   .   b - +0 leather armour
rPois    .         Reflect  .   c - +0 helmet
rElec    .         Harm     .   g - +0 cloak
rCorr    .         Rampage  .   (no gloves)
Will     .....                  (no boots)
Stlth    +.........             (no amulet)
HPRegen  0.07/turn              (no ring)
MPRegen  0.16/turn              (no ring)

@: no status effects
A: magic regeneration
a: no special abilities


You were on level 2 of the Dungeon.
You visited 1 branch of the dungeon, and saw 2 of its levels.

You collected 22 gold pieces.

Inventory:

Hand Weapons
 a - a +0 long sword (weapon)
Missiles
 d - 3 throwing nets (quivered)
Armour
 b - a +0 leather armour (worn)
 c - a +0 helmet (worn)
 g - a +0 cloak (worn)
Scrolls
 e - a scroll of teleportation {unknown}
 f - a scroll of identify {unknown}
 h - a scroll of acquirement {unknown}
Potions
 i - a potion of haste {unknown}


   Skills:
 + Level 2.2 Fighting
 + Level 2.8 Long Blades
 - Level 1.7 Throwing
 + Level 0.6 Armour
 + Level 2.9 Dodging


You had one spell level left.
You didn't know any spells.
Your spell library was empty.

Dungeon Overview and Level Annotations

Branches:
Dungeon (1/15)

Altars:

Shops:
D:1 :

Annotations:
D:2 Terence


Innate Abilities, Weirdness & Mutations

You regenerate magic rapidly.


Message History

No target in view!
There is a stone staircase leading down here.
You now have 22 gold pieces (gained 10).
There is an open door here.
You open the door.
There is an open door here.
Found an escape hatch in the floor.
No target in view!
No target in view!
No target in view!
Found Laygema's Book Shoppe.
Found a stone staircase leading down.
No target in view!
No target in view!
There is an entrance to Laygema's Book Shoppe here.
You fall into a shaft and drop 1 floor!
The shaft crumbles and collapses.
A frilled lizard comes into view.
The frilled lizard hisses angrily.
Terence the Incautious comes into view.
He is wielding a +0 flail.
Found a pair of boots.
You barely miss the frilled lizard. The frilled lizard barely misses you.
You miss the frilled lizard. The frilled lizard barely misses you.
You riposte.
You barely miss the frilled lizard. You hit the frilled lizard.
You kill the frilled lizard!
You barely miss Terence. Terence closely misses you.
You hit Terence but do no damage. Terence hits you with a +0 flail!
Terence hits you with a +0 flail.
You are too injured to fight recklessly!
You are too injured to fight recklessly!
You are too injured to fight recklessly!
You hit Terence.
Terence is lightly wounded.
Terence says, "How do you enjoy it?" Terence hits you with a +0 flail.
* * * LOW HITPOINT WARNING * * *
You barely miss Terence.
Terence is lightly wounded.
Terence hits you with a +0 flail.
You die...

## .# .# .#
####.# . #
#.@..#
#...#.###@#..#
..........#..#
#.........#....#
##.#...####.#..#
#.?. #....# #..#
#...... #..
#.###### #.[ ..#


You could see Terence.

Vanquished Creatures
  A dart slug (D:1)
  3 ball pythons (D:1)
  2 bats (D:1)
  An endoplasm (D:1)
  A hobgoblin (D:1)
  2 frilled lizards
  A rat (D:1)
11 creatures vanquished.

Notes
Turn   | Place    | Note
-------+----------+-------------------------------------------
     0 | D:1      | DasRunzen the Demonspawn Gladiator began the quest for the
                  | Orb.
     0 | D:1      | Reached XP level 1. HP: 16/16 MP: 1/1
   515 | D:1      | Gained mutation: You regenerate magic rapidly. [demonic
                  | ancestry]
   515 | D:1      | Reached XP level 2. HP: 17/22 MP: 2/2
   779 | D:1      | Found Laygema's Book Shoppe.
   790 | D:1      | You fall into a shaft and drop 1 floor!
   794 | D:2      | Noticed Terence
   807 | D:2      | Slain by Terence

Illustrated notes

Levels and vault maps discovered:
D:1:      psy_arrival_basics, layout_loops_corners, serial_shops, shop_statue
D:2:      layout_loops_ring, serial_shops, shop, minmay_pentomino_z2,
          uniq_terence, uniq_jessica

Action                   || total
-------------------------++-------
Melee: Long sword        ||    28
Armor: Leather armour    ||     7
Dodge: Dodged            ||    26
       Rpst.: Long sword ||     8

Table legend: (Time is in decaauts)
 A = Elapsed time spent in this place.
 B = Non-inter-level travel time spent in this place.
 C = Inter-level travel time spent in this place.
 D = Time resting spent in this place.
 E = Time spent auto-exploring this place.
 F = Levels seen in this place.
 G = Mean time per level.
                   A        B        C        D        E       F      G
               +--------+--------+--------+--------+--------+-----+--------+
         Total |    813 |    813 |      0 |      0 |    720 |   2 |  406.5 |
       Dungeon |    813 |    813 |      0 |      0 |    720 |   2 |  406.5 |
               +--------+--------+--------+--------+--------+-----+--------+

Top non-repeatable levels by time:
     D:1: 795 daAuts
     D:2: 18 daAuts
